 Dungeon Crawl Stone Soup version 0.30-a0-373-gd37427bb62 (webtiles) character file.

Game seed: 17626077660443679287

691 UristPineapples the Conjurer (level 7, 28/28 HPs)
             Began as a Felid Conjurer on Nov 24, 2022.
             Was an Initiate of Gozag.
             Quit the game on level 8 of the Dungeon.
             The game lasted 00:53:09 (8662 turns).

UristPineapples the Conjurer (Felid Conjurer)       Turns: 8662, Time: 00:53:10

Health: 28/28      AC:  2    Str:  4    XL:     7   Next: 36%
Magic:  25/25      EV: 21    Int: 18    God:    Gozag
Gold:   589        SH:  0    Dex: 19    Spells: 2/16 levels left
                                        Lives:  1   Deaths: 1

rFire   . . .      SeeInvis +      - Unarmed
rCold   + . .      Faith    .    (shield unavailable)
rNeg    . . .      Spirit   +    (body armour unavailable)
rPois   .          Reflect  .    (helmet unavailable)
rElec   .          Harm     .    (cloak unavailable)
rCorr   .          Rampage  .    (gloves unavailable)
Will    ++...                    (boots unavailable)
Stlth   ++++......               d - amulet of guardian spirit
HPRegen 0.24/turn                g - ring of willpower
MPRegen 0.19/turn                o - ring "Koqett" {rC+ MP+9 Stlth+}

@: quick
A: very small, claws 1, fangs 3, see invisible, speed 1, shaggy fur 2, stealthy
paws, no weapons or thrown items, no armour, multi-lived, agile 1
a: Renounce Religion, Potion Petition, Call Merchant, Bribe Branch


You were on level 8 of the Dungeon.
You worshipped Gozag.
Gozag was pleased with you.
You visited 2 branches of the dungeon, and saw 9 of its levels.

You collected 707 gold pieces.
You paid 118 gold pieces to Gozag.

Inventory:

Jewellery
 d - an amulet of guardian spirit (around neck)
 g - a ring of willpower (left paw)
 k - a ring of willpower
 o - the ring "Koqett" (right paw) {rC+ MP+9 Stlth+}
   (You found it on level 6 of the Dungeon)

   [ring of magical power]

   rC:        It protects you from cold.
   MP:        It affects your magic capacity (+9).
   Stlth:     It makes you more stealthy.
 r - a ring of poison resistance
Wands
 j - a wand of paralysis (13)
 l - a wand of polymorph (8) (quivered)
 n - a wand of digging (2)
 s - a wand of flame (9)
Scrolls
 b - a scroll of butterflies
 q - a scroll of brand weapon {unknown}
 t - a scroll of teleportation {unknown}
 u - a scroll of acquirement {unknown}
 v - a scroll of fear {unknown}
 w - a scroll of immolation {unknown}
Potions
 a - a potion of heal wounds
 c - 3 potions of lignification
 e - 3 potions of curing
 f - 2 potions of flight
 h - a potion of resistance
 i - a potion of might {unknown}
 p - a potion of cancellation {unknown}


   Skills:
 - Level 1.0 Fighting
 + Level 6.0 Dodging
 - Level 4.0 Stealth
 - Level 1.5 Unarmed Combat
 + Level 5.3 Spellcasting
 * Level 7.3 Conjurations


You had 2 spell levels left.
You knew the following spells:

 Your Spells              Type           Power      Damage    Failure   Level
a - Magic Dart            Conj           100%       1d8       1%          1
b - Searing Ray           Conj           62%        2d6       1%          2
c - Vampiric Draining     Necr           4%         2d6       36%         3
d - Slow                  Hex            16%        N/A       13%         1
e - Dazzling Flash        Conj/Hex       34%        N/A       9%          3
f - Fulminant Prism       Conj/Hex       8%         3d7       28%         4

Your spell library contained the following spells:

 Spells                   Type           Power      Damage    Failure   Level
 Iskenderun's Mystic Bla  Conj/Tloc      17%        2d5       28%         4
 Confusing Touch          Hex            4%         N/A       36%         3


Dungeon Overview and Level Annotations

Branches:
Dungeon (8/15)             Temple (1/1) D:5
   Lair: D:8-11

Altars:
Ashenzari
Cheibriados
Dithmenos
Elyvilon
Fedhas
Gozag
Hepliaklqana
Kikubaaqudgha
Makhleb
Nemelex Xobeh
Okawaru
Qazlal
Ru
Sif Muna
Trog
Uskayaw
Vehumet
Wu Jian
Xom
Yredelemnul
Zin
The Shining One

Shops:
D:7 [

Annotations:
D:3 exclusion: orc priest, Eustachio; Sigmund; Terence
D:4 3 runed translucent doors, exclusion: 3 doors, RichitheSlayer's ghost, amateur FoFi
D:5 Dowan; Duvessa
D:6 exclusion: steam dragon


Innate Abilities, Weirdness & Mutations

You have sharp claws.
You have razor-sharp teeth.
You have supernaturally acute eyesight. (SInv)
You cover ground quickly. (Speed+)
You are covered in thick fur. (AC +2)
Your paws help you pounce on unaware monsters.
You are incapable of wielding weapons or throwing items.
You cannot wear armour.
You gain extra lives every three experience levels.
You are agile. (Dex +4, Str/Int -1)


Message History

The bullfrog attacks as you move away! The bullfrog hits you.
* * * LOW HITPOINT WARNING * * *
The bullfrog misses you. The bullfrog attacks as you move away!
The bullfrog barely misses you. The bullfrog attacks as you move away!
The bullfrog closely misses you.
The sky beast flickers out of sight for a moment.
The bullfrog hits you but does no damage.
The bullfrog attacks as you move away! The bullfrog barely misses you.
The bullfrog snags a nearby small bird with its tongue.
The centaur shoots an arrow.
The arrow completely misses you. The bullfrog attacks as you move away!
The bullfrog completely misses you. The bullfrog attacks as you move away!
The bullfrog hits you.
* * * LOW HITPOINT WARNING * * *
The bullfrog completely misses you. The bullfrog attacks as you move away!
The bullfrog barely misses you. The bullfrog attacks as you move away!
The bullfrog barely misses you. The bullfrog attacks as you move away!
The bullfrog misses you. The bullfrog closely misses you.
The wyvern attacks as you move away! The wyvern barely misses you.
The bullfrog attacks as you move away! The bullfrog closely misses you.
The bullfrog attacks as you move away! The bullfrog hits you.
* * * LOW HITPOINT WARNING * * *
A yak comes into view.
The bullfrog attacks as you move away! The bullfrog closely misses you.
The yak bellows!
You hear a bellow!
The bullfrog closely misses you.
Unknown command.
Unknown command.
Unknown command.
You closely miss the bullfrog. You bite the bullfrog.
The bullfrog is lightly wounded.
The bullfrog misses you. The bullfrog hits you!
You die...
The bullfrog barely misses you. The wyvern barely misses you.
You are now level 7!
You rejoin the land of the living...
Found four items.
Unknown command.
Unknown command.
Are you sure you want to abandon this character and quit the game? (Confirm with "yes".)

.##. .. ...# .#
# .. . ......
.# .. .. ##..
.#(.. ..
...###........#
..
........#......
...
?$.........#
... #..@...#
..# #....###..#
..# #... ....
.. #... ....
.># ##. ... #.#
.. .. ... [ .
#<.. #......#


There were no monsters in sight!

Vanquished Creatures
  A black bear (D:6)
  A sky beast (D:7)
  An ogre (D:6)
  A centaur (D:6)
  2 phantoms
  A scorpion (D:5)
  A howler monkey (D:5)
  A jelly (D:6)
  A gnoll bouda (D:7)
  3 orc priests (D:7)
  3 hounds
  Ijyb (D:5)
  7 iguanas
  5 orc wizards
  Robin (D:3)
  3 gnolls (D:7)
  4 adders
  A shadow imp (D:6)
  2 worms
  5 dart slugs
  17 orcs
  8 ball pythons
  5 endoplasms
  3 giant cockroaches
  13 goblins
  9 hobgoblins
  6 jackals
  2 kobolds
  A quokka (D:5)
  5 bats
  3 frilled lizards
  4 rats
121 creatures vanquished.

Vanquished Creatures (others)
  22 fulminant prisms
22 creatures vanquished.

Grand Total: 143 creatures vanquished

Notes
Turn   | Place    | Note
-------+----------+-------------------------------------------
     0 | D:1      | UristPineapples the Felid Conjurer began the quest for the
                  | Orb.
     0 | D:1      | Reached XP level 1. HP: 7/7 MP: 4/4
   340 | D:1      | Reached XP level 2. HP: 12/12 MP: 3/6
   351 | D:1      | Learned a level 2 spell: Searing Ray
   385 | D:1      | Reached skill level 1 in Fighting
   403 | D:1      | Reached skill level 1 in Unarmed Combat
   842 | D:2      | Reached XP level 3. HP: 15/15 MP: 4/7
  1187 | D:2      | Learned a level 3 spell: Vampiric Draining
  1189 | D:2      | Learned a level 1 spell: Slow
  1591 | D:3      | Found a faded altar of an unknown god.
  1600 | D:3      | Noticed Robin
  1605 | D:3      | Noticed Terence
  1771 | D:3      | Killed Robin
  1772 | D:3      | Reached XP level 4. HP: 19/19 MP: 0/9
  2258 | D:4      | Noticed Eustachio
  2482 | D:3      | Noticed Sigmund
  2702 | D:4      | Found a runed translucent gate.
  2703 | D:4      | Found a runed translucent gate.
  2704 | D:4      | Found a runed translucent gate.
  2704 | D:4      | Noticed RichitheSlayer's ghost (amateur FoFi)
  2704 | D:4      | Noticed a bullfrog
  2980 | D:5      | Entered Level 5 of the Dungeon
  2980 | D:5      | Noticed Duvessa
  2980 | D:5      | Noticed Dowan
  3358 | D:4      | Reached skill level 4 in Conjurations
  3358 | D:4      | Reached XP level 5. HP: 22/22 MP: 4/10
  4191 | D:5      | Gained mutation: You are covered in thick fur. (AC +2)
                  | [Felid growth]
  4191 | D:5      | Reached XP level 6. HP: 21/25 MP: 1/12
  4294 | D:5      | Found a staircase to the Ecumenical Temple.
  4312 | Temple   | Entered the Ecumenical Temple
  4830 | Temple   | Became a worshipper of Gozag Ym Sagoz the Greedy
  4898 | D:5      | Reached skill level 5 in Conjurations
  5007 | D:5      | Learned a level 3 spell: Dazzling Flash
  5144 | D:5      | Noticed Ijyb
  5182 | D:5      | Killed Ijyb
  5282 | D:4      | Reached XP level 7. HP: 25/28 MP: 3/14
  5361 | D:5      | Reached skill level 5 in Dodging
  5376 | D:5      | Learned a level 4 spell: Fulminant Prism
  5753 | D:6      | Identified the ring "Koqett" {rC+ MP+9 Stlth+}
  6073 | D:6      | Reached skill level 6 in Conjurations
  6685 | D:6      | Reached XP level 8. HP: 32/32 MP: 14/16
  7051 | D:7      | Reached skill level 5 in Spellcasting
  7584 | D:7      | Reached skill level 7 in Conjurations
  7760 | D:7      | Gained mutation: You sometimes lose your temper in combat.
                  | [potion of mutation]
  7760 | D:7      | Gained mutation: You occasionally lose the ability to drink
                  | potions when taking damage. [potion of mutation]
  7760 | D:7      | Lost mutation: You sometimes lose your temper in combat.
                  | [potion of mutation]
  7761 | D:7      | Lost mutation: You occasionally lose the ability to drink
                  | potions when taking damage. [potion of mutation]
  7761 | D:7      | Gained mutation: You are strong-willed. (Will+) [potion of
                  | mutation]
  7762 | D:7      | Lost mutation: You are strong-willed. (Will+) [potion of
                  | mutation]
  7762 | D:7      | Gained mutation: You are agile. (Dex +4, Str/Int -1)
                  | [potion of mutation]
  8101 | D:7      | Found Gebupp's Antique Armour Boutique.
  8592 | D:7      | Found a hide-covered altar of Uskayaw.
  8592 | D:7      | Found an ancient bone altar of Kikubaaqudgha.
  8593 | D:7      | Found a shimmering blue altar of Sif Muna.
  8594 | D:7      | Found a glowing silver altar of Zin.
  8618 | D:8      | Noticed a troll
  8661 | D:8      | Slain by a bullfrog
  8662 | D:8      | Reached XP level 7. HP: -4/28 MP: 0/25
  8662 | D:8      | Quit the game

Illustrated notes

Levels and vault maps discovered:
D:1:      mrwooster_arrival_statue, layout_basic, hangedman_decor_push
D:2:      layout_loops_ring, minmay_circled_x
D:3:      layout_rooms, ebering_ecumenical_altar_sacrificial, uniq_sigmund,
          uniq_terence, uniq_robin
D:4:      layout_loops_ring, gammafunk_ghost_split, uniq_eustachio
D:5:      lemuel_ice_spiral_2, layout_rooms, minmay_temple_entry_waves,
          uniq_ijyb, uniq_duvessa
D:6:      layout_loops_ring
D:7:      layout_gridville, chequers_temple_overflow_statue_of_worship,
          serial_shops, shop
D:8:      layout_cave_pools, grunt_lair_entry_orc_guard_hut, guppyfry_shop_venom
Temple:   hc_temple_tempest_star

Skill      XL: |  1  2  3  4  5  6  7  8 |
---------------+-------------------------+-----
Fighting       | 1 |  1.0
Unarmed Combat | 1 |  1.5
Dodging        | 3 4 5 6 |  6.0
Stealth        | 3 4 |  4.0
Spellcasting   | 3 4 5 |  5.3
Conjurations   | 4 5 6 7 |  7.3

Action                   |  1- 3 |  4- 6 |  7- 9 || total
-------------------------+-------+-------+-------++-------
Melee: Unarmed           |    38 |    35 |     1 ||    74
       Bite              |     3 |     2 |     1 ||     6
       Punch             |       |     1 |       ||     1
 Cast: Magic Dart        |    51 |    74 |    20 ||   145
       Searing Ray       |    15 |    23 |    20 ||    58
       Slow              |     1 |     4 |       ||     5
       Fulminant Prism   |       |       |    22 ||    22
Evoke: Wand              |       |     1 |       ||     1
  Use: Potion            |       |     6 |     3 ||     9
       Scroll            |       |     3 |     5 ||     8
 Stab: Sleeping          |     2 |     1 |       ||     3
Armor: Skin              |     4 |     5 |     2 ||    11
Dodge: Dodged            |    38 |   103 |    77 ||   218

Table legend: (Time is in decaauts)
 A = Elapsed time spent in this place.
 B = Non-inter-level travel time spent in this place.
 C = Inter-level travel time spent in this place.
 D = Time resting spent in this place.
 E = Time spent auto-exploring this place.
 F = Levels seen in this place.
 G = Mean time per level.
                   A        B        C        D        E       F      G
               +--------+--------+--------+--------+--------+-----+--------+
         Total |   7545 |   4319 |   3226 |   2103 |    299 |   9 |  838.3 |
       Dungeon |   7085 |   4020 |   3065 |   2103 |     48 |   8 |  885.6 |
        Temple |    459 |    298 |    161 |      0 |    251 |   1 |  459.0 |
               +--------+--------+--------+--------+--------+-----+--------+

Top non-repeatable levels by time:
     D:6: 1379 daAuts
     D:4: 1369 daAuts
     D:7: 1158 daAuts
     D:2: 936 daAuts
     D:5: 927 daAuts
     D:3: 780 daAuts
     D:1: 498 daAuts
  Temple: 459 daAuts
     D:8: 35 daAuts
